 Dungeon Crawl Stone Soup version 0.16.1-11-g651b585 (webtiles) character file.

160 abixa the Slasher (level 5, -5/38 HPs)
             Began as a Human Warper on Mar 31, 2015.
             Slain by a centaur (9 damage)
             ... on level 4 of the Dungeon.
             The game lasted 00:15:27 (4282 turns).

abixa the Slasher (Human Warper)                    Turns: 4282, Time: 00:15:27

Health: -5/38      AC:  3    Str: 11    XL:     5   Next: 69%
Magic:  4/9        EV: 12    Int: 13    God:
Gold:   169        SH:  0    Dex: 14    Spells: 3 memorised, 3 levels left

rFire  . . .     SeeInvis .     a - +0 falchion
rCold  . . .     Clarity  .     x - +0 leather armour
rNeg   . . .     SustAb   .     (no shield)
rPois  .         Gourm    .     (no helmet)
rElec  .         Spirit   .     (no cloak)
rCorr  .         Warding  .     (no gloves)
rMut   .         Stasis   +     (no boots)
MR     .....                    j - amulet of stasis
Stlth  +.........               (no ring)
                                n - ring of teleportation (curse)

@: very slightly contaminated, not resistant to hostile enchantments, very
unstealthy
A: no striking features
a: Evoke Teleportation


You were on level 4 of the Dungeon.
You were hungry.

You visited 1 branch of the dungeon, and saw 4 of its levels.

You collected 169 gold pieces.

Inventory:

Hand weapons
 a - a +0 falchion (weapon)
 b - a +0 hunting sling
 t - a +0 spear
Missiles
 e - 5 tomahawks of dispersal
 g - 49 stones (quivered)
 k - 5 javelins
 l - 4 needles of sleeping
 y - 15 poisoned needles
 B - 10 tomahawks
 C - 15 sling bullets
Armour
 r - a +0 ring mail
 x - a +0 leather armour (worn)
Jewellery
 j - an amulet of stasis (around neck)
 n - a cursed ring of teleportation (left hand)
 o - an uncursed ring of poison resistance {unknown}
Magical devices
 v - a wand of confusion (7)
Scrolls
 d - a scroll of blinking
 p - a scroll of enchant armour {unknown}
 u - 2 scrolls of recharging {unknown}
 w - a scroll of noise {unknown}
 z - a scroll of magic mapping {unknown}
 A - a scroll of identify {unknown}
 D - a scroll of fog {unknown}
Potions
 h - 2 potions of curing {unknown}
 i - a potion of resistance {unknown}
 s - a potion of flight {unknown}
 F - a potion of mutation {unknown}
 G - a potion of haste {unknown}
Books
 c - a book of Spatial Translocations

   Spells                             Type                      Level
   a - Apportation                    Translocation                1
   b - Blink                          Translocation                2
   c - Shroud of Golubria             Charms/Translocation         2
   d - Portal Projectile              Translocation                3
   e - Teleport Other                 Translocation                3
   f - Passage of Golubria            Translocation                4
Comestibles
 f - a bread ration
 m - a slice of pizza
 q - 2 meat rations


   Skills:
 - Level 2.0 Fighting
 + Level 4.3 Long Blades
 - Level 1.0 Throwing
 - Level 1.0 Armour
 - Level 2.0 Dodging
 - Level 2.0 Spellcasting
 + Level 3.0 Charms
 + Level 3.0 Translocations


You had 3 spell levels left.
You knew the following spells:

 Your Spells              Type           Power        Failure   Level  Hunger
a - Apportation           Tloc           #.........   12%         1    ##.....
b - Blink                 Tloc           N/A          14%         2    ###....
c - Shroud of Golubria    Chrm/Tloc      #.........   14%         2    ###....


Dungeon Overview and Level Annotations

Branches:
Dungeon (4/15)
 Temple: D:4-7

Altars:
Elyvilon
The Shining One

Shops:
D:4 (

Annotations:
D:3 !orc warrior with polearm


Message History

Your shroud falls apart!
The centaur barely misses you.
You hit the centaur.
The centaur is severely wounded.
The centaur hits you.
* * * LOW HITPOINT WARNING * * *
You closely miss the centaur.
The centaur is severely wounded.
The centaur hits you but does no damage.
The centaur closely misses you.
You barely miss the centaur.
The centaur is severely wounded.
The centaur hits you.
* * * LOW HITPOINT WARNING * * *
The centaur hits you.
* * * LOW HITPOINT WARNING * * *
You closely miss the centaur.
The centaur is heavily wounded.
The centaur hits you!
You die...

#.#####..#....<...#...#
.# #..#..##........#.#
.# #.....##...........
.# #...........#......
.....#....#......
..#.#.##..........
...................
......##.♣...#.#. #
...# #.@#### #.c.
...####♣c♣###.....#
..........(........
..#####♣###......#
..... .... .## #


You could see a centaur.

Vanquished Creatures
  A worker ant (D:4)
  7 adders
  2 worms (D:3)
  A giant gecko (D:2)
  2 orcs
  3 ball pythons
  2 giant cockroaches (D:1)
  12 hobgoblins
  6 kobolds
  3 quokkas
  7 bats
  2 giant newts (D:1)
  8 goblins
  4 jackals
  5 rats
65 creatures vanquished.

Notes
Turn   | Place    | Note
--------------------------------------------------------------
     0 | D:1      | abixa, the Human Warper, began the quest for the Orb.
     0 | D:1      | Reached XP level 1. HP: 16/16 MP: 3/3
   330 | D:1      | Reached XP level 2. HP: 20/22 MP: 4/4
   338 | D:1      | Learned a level 2 spell: Blink
   637 | D:1      | Learned a level 2 spell: Shroud of Golubria
  1049 | D:1      | Reached XP level 3. HP: 27/27 MP: 6/6
  1366 | D:2      | Reached skill level 1 in Charms
  1935 | D:2      | Found a glowing golden altar of the Shining One.
  1941 | D:2      | Reached XP level 4. HP: 19/33 MP: 5/7
  2864 | D:3      | Found a white marble altar of Elyvilon.
  3195 | D:3      | Reached XP level 5. HP: 38/38 MP: 7/9
  3277 | D:3      | Reached skill level 4 in Long Blades
  3375 | D:3      | Noticed an orc warrior
  4255 | D:4      | Found Cehezamp's Weapon Shop.
  4265 | D:4      | Noticed a centaur
  4282 | D:4      | Slain by a centaur

Action                   |  1- 3 |  4- 6 || total
-------------------------+-------+-------++-------
Melee: Falchion          |    94 |   141 ||   235
Throw: Stone             |    41 |    51 ||    92
       Javelin           |     4 |       ||     4
 Cast: Shroud of Golubri |     2 |    10 ||    12
  Eat: Chunk             |     3 |     8 ||    11
